 Dungeon Crawl Stone Soup version 0.30.1-11-g7821555f0a (webtiles) character file.

Game seed: 1694575840734286387

1629358 Hi5aMiFi the Conqueror (level 27, 273/273 HPs)
             Began as a Minotaur Fighter on Dec 16, 2023.
             Was the Champion of Okawaru.
             Escaped with the Orb
             ... and 3 runes on Dec 19, 2023!
             The game lasted 09:12:33 (79000 turns).

Hi5aMiFi the Conqueror (Minotaur Fighter)          Turns: 79000, Time: 09:12:33

Health: 273/273    AC: 47    Str: 32    XL:     27
Magic:  36/36      EV: 11    Int:  7    God:    Okawaru [******]
Gold:   1846       SH: 36    Dex: 25    Spells: 26/26 levels left

rFire   + + .        r - +8 mithril axe "Arga" {speed, Will+}
rCold   + . .        w - +4 tower shield of the Wasteland {Rampage rN+}
rNeg    + + .        Y - +9 scales of the Dragon King {rPois rF+ rC+ Will+}
rPois   +            K - +0 hat {Will+}
rElec   +            i - +2 cloak {rCorr}
rCorr   +            b - +3 pair of gauntlets of War {Slay+5}
SInv    .            q - +1 pair of boots of Opnuzup {rElec Dex+6}
Will    +++++        g - amulet of reflection Stlth
                     f - ring "Rucokauc" {rElec rF+ rN+ Str+3 Dex+7}
HPRegen 0.65/turn    G - +4 ring of slaying
MPRegen 0.25/turn

%: reflection, rampage
@: hasted, studying Maces & Flails, very quick
A: horns 2, retaliatory headbutt, hooves 1, clumsy 1
0: Orb of Zot
}: 3/15 runes: decaying, serpentine, silver
a: Renounce Religion, Heroism, Finesse, Duel


You escaped.
You worshipped Okawaru.
Okawaru was exalted by your worship.
You visited 11 branches of the dungeon, and saw 51 of its levels.
You also visited: Bailey and Desolation.

You collected 8668 gold pieces.
You spent 6822 gold pieces at shops.

Inventory:

Hand Weapons
 j - a +9 antimagic morningstar
 r - the +8 mithril axe "Arga" (weapon) {speed, Will+}
   (You took it off a deep elf high priest on level 3 of the Elven Halls)

   Will:      It increases your willpower.
Missiles
 p - 12 boomerangs (quivered)
 A - 13 boomerangs of dispersal
 H - 33 javelins
 J - 9 silver boomerangs
 P - 9 silver javelins
 Q - 5 throwing nets
Armour
 b - the +3 pair of gauntlets of War (worn) {Slay+5}
   (You found it on level 3 of the Elven Halls)

   Slay:      It affects your accuracy & damage with ranged weapons and melee
   (+5).
 i - a +2 cloak of preservation (worn)
 q - the +1 pair of boots of Opnuzup (worn) {rElec Dex+6}
   (You acquired it on level 3 of the Elven Halls)

   Dex:       It affects your dexterity (+6).
   rElec:     It insulates you from electricity.
 t - a scarf of resistance
 w - the +4 tower shield of the Wasteland (worn) {Rampage rN+}
   (Okawaru gifted it to you on level 5 of the Realm of Zot)

   rN:        It protects you from negative energy.
   Rampage:   It bestows one free step when moving towards enemies.
 z - a +10 crystal plate armour
 K - a +0 hat of willpower (worn)
 W - the +0 cloak of Pantheism {Rampage rN++ rCorr Str-5 Int+2}
   (Okawaru gifted it to you on level 2 of the Elven Halls)

   Str:       It affects your strength (-5).
   Int:       It affects your intelligence (+2).
   rN:        It greatly protects you from negative energy.
   rCorr:     It protects you from acid and corrosion.
   Rampage:   It bestows one free step when moving towards enemies.
 Y - the +9 scales of the Dragon King (worn) {rPois rF+ rC+ Will+}
   (You found it on level 4 of the Realm of Zot)

   rF:        It protects you from fire.
   rC:        It protects you from cold.
   rPois:     It protects you from poison.
   Will:      It increases your willpower.
Jewellery
 d - the ring "Zerikh" {rElec Will+}
   (You found it in the Desolation of Salt)

   [ring of willpower]

   rElec:     It insulates you from electricity.
   Will:      It increases your willpower.
 e - a ring of see invisible
 f - the ring "Rucokauc" (left hand) {rElec rF+ rN+ Str+3 Dex+7}
   (You bought it in a shop on level 5 of the Vaults)

   [ring of protection from fire]

   Str:       It affects your strength (+3).
   Dex:       It affects your dexterity (+7).
   rF:        It protects you from fire.
   rElec:     It insulates you from electricity.
   rN:        It protects you from negative energy.
 g - an amulet of reflection (around neck)
 o - the ring "Ange" {Fly rF+ Str-4 Int+3 Dex+3}
   (You found it in the Desolation of Salt)

   [ring of flight]

   Str:       It affects your strength (-4).
   Int:       It affects your intelligence (+3).
   Dex:       It affects your dexterity (+3).
   rF:        It protects you from fire.
   Fly:       It grants you flight.
 G - a +4 ring of slaying (right hand)
 T - the ring "Dinawnol" {+Blink rCorr MP-9 Str+6 Stlth+}
   (You took it off a vault sentinel on level 3 of the Vaults)

   [ring of strength]

   Str:       It affects your strength (+6).
   MP:        It affects your magic capacity (-9).
   +Blink:    It lets you blink.
   rCorr:     It protects you from acid and corrosion.
   Stlth:     It makes you more stealthy.
 V - a ring of protection from cold
Wands
 l - a wand of iceblast (50)
 x - a wand of quicksilver (27)
 D - a wand of paralysis (68)
 L - a wand of digging (2)
Scrolls
 c - 4 scrolls of silence
 h - 5 scrolls of immolation
 u - 8 scrolls of fear
 v - 4 scrolls of vulnerability
 C - 5 scrolls of fog
 E - 10 scrolls of poison
 F - 20 scrolls of teleportation
 U - 8 scrolls of blinking
Potions
 a - 2 potions of might
 k - 7 potions of curing
 m - 5 potions of lignification
 n - 3 potions of magic
 s - 3 potions of cancellation
 y - 4 potions of berserk rage
 I - 3 potions of mutation
 M - 3 potions of haste
 N - 9 potions of heal wounds
 O - 10 potions of attraction
 S - 2 potions of invisibility
 X - 2 potions of resistance
 Z - 3 potions of ambrosia


   Skills:
 O Level 27 Fighting
 - Level 11.9(20.0) Axes
 - Level 20.9(22.0) Maces & Flails
 - Level 15.3(16.9) Polearms
 - Level 17.3 Throwing
 - Level 25.0 Armour
 - Level 5.0 Dodging
 - Level 25.0 Shields
 + Level 20.7 Invocations
 - Level 10.0 Evocations


You had 26 spell levels left.
You didn't know any spells.
Your spell library contained the following spells:

 Spells                   Type           Power      Damage    Failure   Level
 Apportation              Tloc           0%         N/A       96%         1
 Beastly Appendage        Tmut           0%         N/A       96%         1
 Foxfire                  Conj/Fire      0%         2x1d4     96%         1
 Freeze                   Ice            0%         1d3       96%         1
 Magic Dart               Conj           0%         1d3       96%         1
 Necrotise                Necr           0%         1d4       96%         1
 Shock                    Conj/Air       0%         1d3       96%         1
 Slow                     Hex            0%         N/A       96%         1
 Sting                    Tmut/Pois      0%         1d3       96%         1
 Blink                    Tloc           0%         N/A       99%         2
 Ensorcelled Hibernation  Hex/Ice        0%         N/A       99%         2
 Lesser Beckoning         Tloc           0%         N/A       99%         2
 Momentum Strike          Conj/Tloc      0%         3d8       99%         2
 Passwall                 Tmut/Erth      0%         N/A       99%         2
 Poisonous Vapours        Pois/Air       0%         N/A       99%         2
 Searing Ray              Conj           0%         2d4       99%         2
 Static Discharge         Conj/Air       0%         2-2/arc   99%         2
 Sublimation of Blood     Necr           0%         N/A       99%         2
 Wereblood                Tmut           0%         N/A       99%         2
 Confusing Touch          Hex            0%         N/A       100%        3
 Frozen Ramparts          Ice            0%         1d1       100%        3
 Gell's Gravitas          Tloc           0%         N/A       100%        3
 Hailstorm                Conj/Ice       0%         3d3       100%        3
 Inner Flame              Hex/Fire       0%         N/A       100%        3
 Ozocubu's Armour         Ice            0%         N/A       100%        3
 Portal Projectile        Hex/Tloc       0%         N/A       100%        3
 Spider Form              Tmut/Pois      0%         N/A       100%        3
 Swiftness                Air            0%         N/A       100%        3
 Teleport Other           Tloc           0%         N/A       100%        3
 Vampiric Draining        Necr           0%         2d6       100%        3
 Volatile Blastmotes      Fire/Tloc      0%         2d10      100%        3
 Airstrike                Air            0%         2d(0-16)  100%        4
 Anguish                  Hex/Necr       0%         N/A       100%        4
 Flame Wave               Conj/Fire      0%         2d4       100%        4
 Fulminant Prism          Conj/Hex       0%         3d5       100%        4
 Leda's Liquefaction      Hex/Erth       0%         N/A       100%        4
 Manifold Assault         Tloc           0%         N/A       100%        4
 Olgreb's Toxic Radiance  Pois           0%         N/A       100%        4
 Passage of Golubria      Tloc           0%         N/A       100%        4
 Petrify                  Tmut/Erth      0%         N/A       100%        4
 Sticky Flame             Conj/Fire      0%         2d3       100%        4
 Agony                    Necr           0%         N/A       100%        5
 Alistair's Intoxication  Tmut/Pois      0%         N/A       100%        5
 Blade Hands              Tmut           0%         N/A       100%        5
 Borgnjor's Vile Clutch   Necr/Erth      0%         N/A       100%        5
 Fireball                 Conj/Fire      0%         3d3       100%        5
 Irradiate                Conj/Tmut      0%         3d11      100%        5
 Iskenderun's Battlesphe  Conj           0%         2d6       100%        5
 Lee's Rapid Deconstruct  Erth           0%         3d4*      100%        5
 Metabolic Englaciation   Hex/Ice        0%         N/A       100%        5
 Silence                  Hex/Air        0%         N/A       100%        5
 Yara's Violent Unravell  Hex/Tmut       0%         3d3       100%        5
 Conjure Ball Lightning   Conj/Air       0%         3x3d6     100%        6
 Dispersal                Tloc           0%         N/A       100%        6
 Eringya's Noxious Bog    Tmut/Pois      0%         N/A       100%        6
 Iron Shot                Conj/Erth      0%         9d1       100%        6
 Plasma Beam              Fire/Air       0%         2x1d11    100%        6
 Starburst                Conj/Fire      0%         6d3       100%        6
 Statue Form              Tmut/Erth      0%         N/A       100%        6
 Dragon Form              Tmut           0%         N/A       100%        7
 Ozocubu's Refrigeration  Ice            0%         4d7       100%        7
 Storm Form               Tmut/Air       0%         N/A       100%        7
 Discord                  Hex            0%         N/A       100%        8
 Disjunction              Tloc           0%         N/A       100%        8
 Lehudib's Crystal Spear  Conj/Erth      0%         10d2      100%        8
 Necromutation            Tmut/Necr      0%         N/A       100%        8
 Death's Door             Necr           0%         N/A       100%        9
 Polar Vortex             Ice            0%         N/A       100%        9
 Summon Small Mammal      Summ           Unusable   N/A       N/A         1
 Call Canine Familiar     Summ           Unusable   N/A       N/A         3
 Tukima's Dance           Hex            Unusable   N/A       N/A         3
 Summon Lightning Spire   Summ/Air       Unusable   N/A       N/A         4
 Summon Mana Viper        Hex/Summ       Unusable   N/A       N/A         5
 Death Channel            Necr           Unusable   N/A       N/A         6
 Simulacrum               Ice/Necr       Unusable   N/A       N/A         6
 Haunt                    Necr/Summ      Unusable   N/A       N/A         7
 Monstrous Menagerie      Summ           Unusable   N/A       N/A         7
 Spellforged Servitor     Conj/Summ      Unusable   N/A       N/A         7
 Dragon's Call            Summ           Unusable   N/A       N/A         9

Dungeon Overview and Level Annotations

Branches:
Dungeon (15/15)            Temple (1/1) D:4            Lair (5/5) D:11
  Swamp (4/4) Lair:2        Snake (4/4) Lair:3        Slime (0/5) Lair:5
    Orc (2/2) D:10            Elf (3/3) Orc:2        Vaults (5/5) D:14
  Crypt (3/3) Vaults:3       Tomb (0/3) Crypt:3      Depths (4/4) D:15
    Zot (5/5) Depths:4     Bailey (visited)         Desolation (visited)

Altars:
Ashenzari
Cheibriados
Dithmenos
Elyvilon
Fedhas
Gozag
Hepliaklqana
Kikubaaqudgha
Makhleb
Nemelex Xobeh
Okawaru
Qazlal
Ru
Sif Muna
Trog
Uskayaw
Vehumet
Wu Jian
Xom
Yredelemnul
Zin
The Shining One

Shops:
D:14 *   Orc:2 =[(   Elf:1 *!([   Elf:3 ==:   Snake:1 [*?(   Snake:3 *=
Vaults:1 =   Vaults:2 ?   Vaults:4 ?   Vaults:5 ::==

Portals:
Hell: Depths:1 Depths:2 Depths:3 Depths:4
Abyss: Depths:1 Depths:3
Pandemonium: Depths:1 Depths:2 Depths:3
Ziggurat: Depths:2


Innate Abilities, Weirdness & Mutations

You have a pair of horns on your head.
You reflexively headbutt those who attack you in melee.
You have large cloven feet.
You are clumsy. (Dex -2)


Message History

You slash the rust devil!
You headbutt the rust devil, but do no damage.
The rust devil is moderately wounded.
You slash the rust devil! You headbutt the rust devil!
You kill the rust devil!
Okawaru accepts your kill.
No target in view!
There is an open door here.
There is a stone staircase leading up here.
You climb upwards.
There is a stone staircase leading down here.
Unknown command.
Okay, then.
Unknown command.
You feel yourself speed up.
There is a stone staircase leading up here.
You climb upwards.
There is a stone staircase leading down here.
Aiming: Dig
Press: ? - help, Shift-Dir - straight line A rock wall.
This square is covered in magical glow.
The rock shatters into small pieces.
A chaos spawn comes into view.
There is a stone staircase leading up here.
You climb upwards.
There is a stone staircase leading down here.
Unknown command.
Okay, then.
Blink to where?
Press: ? - help, Dir - move target
As you read the scroll of blinking, it crumbles to dust.
Aiming: Dig
Press: ? - help, Shift-Dir - straight line This square is covered in magical glow.
The rock shatters into small pieces.
Blink to where?
Press: ? - help, Dir - move target
As you read the scroll of blinking, it crumbles to dust.
You have escaped!

..# ##'## ##>## ##'###..## ###
##...######...######...##..# #
#.......................#.## #
#..⌠...K....⌠........⌠..#.# ##
#..............)........#.# .#
##...######...######...##.# .#
##### #####'##### ######.# .##
##.........## #.# ..#
#..♣..@..♣..# #.# ..###
##.........## #.#
....#############.###### #.#
.##....................## #.##
.#####.##.#.....#.#.....#####..#
.# #.)..+.....#.#............#
.# ####.#.....#.#..§...#####.##
## #.'.......#......# #.....
###.....######..## #.#.##


There were no monsters in sight!

Vanquished Creatures
  5 dread liches
  3 ancient liches
  9 orbs of fire
  Boris (thrice) (Crypt:3 Zot:5 D:15)
  Sojobo (Crypt:1)
  Saint Roka (Crypt:3)
  5 Killer Klowns (Zot:5)
  Vv (Depths:2)
  2 curse toes
  Vashnia (Snake:2)
  A caustic shrike (Depths:3)
  The ghost of crisisinutopia the Impregnable, an adept MiFi of Okawaru (Vaults:1)
  Jory (Crypt:3)
  12 golden dragons
  the Enchantress (Depths:3)
  8 electric golems
  21 tentacled monstrosities
  An Ice Fiend (Zot:5)
  A Hell Sentinel (Zot:5)
  2 liches (Depths:3)
  26 Orb Guardians (Zot:5)
  Asterion (Vaults:3)
  A walking earthen tome (Depths:3)
  5 titans
  3 deep elf master archers (Elf:3)
  3 deep elf blademasters
  13 quicksilver dragons
  8 death cobs
  A walking divine tome (Depths:3)
  A walking frostbound tome (Depths:3)
  2 Executioners
  3 ancient champions
  7 sphinxes
  8 tengu reavers
  Roxanne (Snake:4)
  2 thorn hunters
  7 draconian knights
  7 fire giants
  11 shadow dragons
  15 storm dragons
  4 revenants
  9 frost giants
  11 nagarajas
  2 draconian monks (Zot:2)
  2 iron dragons
  An imperial myrmidon (Desolation)
  A balrug (D:6)
  15 vault wardens
  6 deep elf sorcerers
  4 draconian scorchers
  Louise (Snake:2)
  Aizul (Snake:2)
  4 draconian shifters
  5 curse skulls
  A juggernaut zombie (Crypt:2)
  3 draconian stormcallers
  8 deep elf elementalists (Elf:3)
  10 ghouls
  30 very ugly things
  A cacodemon (Zot:5)
  2 reapers
  11 draconian annihilators
  A war gargoyle (Vaults:1)
  18 stone giants
  A juggernaut skeleton (Crypt:3)
  24 ironbound preservers
  4 spriggan defenders (Depths:3)
  3 orc warlords (Vaults:1)
  A broodmother (shapeshifter) (Vaults:4)
  19 vampire knights
  2 deep elf demonologists
  3 lorocyprocas (Zot:5)
  10 black draconians
  A demonspawn black sun (Zot:5)
  8 ironbound thunderhulks
  2 halazid warlocks
  7 eleionomae
  4 dire elephants (Vaults:2)
  5 green draconians
  A spark wasp (Depths:2)
  6 deep elf annihilators
  10 yellow draconians
  13 red draconians
  11 purple draconians
  2 bunyips
  12 white draconians
  8 deep elf death magi
  3 crystal guardians
  24 ettins
  4 eidola
  11 jiangshi
  2 green deaths
  An entropy weaver (shapeshifter) (D:14)
  8 fire dragons
  2 great orbs of eyes (Vaults:1)
  5 ragged hierophants (Desolation)
  4 deep elf high priests
  A mummy priest (Crypt:3)
  5 entropy weavers
  A shambling mangrove (Swamp:3)
  38 vault guards
  6 ice dragons
  4 rakshasas
  23 hydras
  15 yaktaur captains
  7 servants of whispers (Desolation)
  18 peacekeepers
  An elf skeleton (Crypt:1)
  6 spriggan air magi
  A fenstrider witch skeleton (Crypt:1)
  13 centaur warriors
  5 ironbound frosthearts
  5 salamander tyrants
  2 ogre magi
  A catoblepas (Lair:5)
  4 anacondas
  Erica (D:10)
  30 dancing weapons
  3 ghost crabs
  2 death knights
  11 boulder beetles
  2 alligators
  An alligator (shapeshifter) (Vaults:5)
  12 two-headed ogres
  17 naga warriors
  8 deep troll shamans
  9 tengu warriors
  11 vampire magi
  9 deep troll earth magi
  28 naga sharpshooters
  25 death yaks
  7 orc high priests
  2 shock serpents
  3 titan zombies
  11 deep elf knights
  5 soul eaters
  15 spriggans
  5 spriggan berserkers
  8 sun demons
  10 iron trolls
  A storm dragon zombie (Crypt:1)
  A fire crab (shapeshifter) (Depths:4)
  A shadow wraith (Crypt:3)
  A bunyip zombie (Crypt:1)
  10 goliath frogs
  35 skeletal warriors
  4 salamander mystics
  4 spriggan druids
  2 golden dragon zombies
  A spark wasp zombie (Crypt:2)
  A glowing orange brain (Depths:2)
  7 bog bodies
  5 sea snakes
  2 death drakes (shapeshifter)
  69 deep trolls
  11 swamp dragons
  12 lindwurms
  5 flayed ghosts
  A spriggan simulacrum (Depths:2)
  2 anaconda skeletons
  10 naga ritualists
  18 deep elf zephyrmancers
  2 anaconda zombies (Crypt:3)
  A tengu zombie (Crypt:3)
  3 harpies (Vaults:1)
  24 ironbound convokers
  12 wizards
  14 orc knights
  42 deep elf pyromancers
  An iron dragon zombie (Crypt:1)
  A sphinx zombie (Depths:2)
  14 deep elf archers
  7 necromancers
  8 mana vipers
  A wolf spider (shapeshifter) (Vaults:5)
  26 phantasmal warriors
  A moth of wrath (shapeshifter) (Depths:2)
  2 oklob plants (Lair:3)
  A broodmother zombie (Crypt:2)
  41 ugly things
  A fire giant zombie (Depths:1)
  9 manticores
  5 orc sorcerers
  11 salamanders
  4 will-o-the-wisps
  11 cyclopes
  4 large abominations (Depths:3)
  24 moths of wrath
  A frost giant zombie (Depths:1)
  A fire giant skeleton (Crypt:2)
  Maurice (D:8)
  An elephant (shapeshifter) (D:14)
  2 rust devils
  A human zombie (Crypt:1)
  A naga zombie (Crypt:1)
  4 elephants (Lair:5)
  14 black mambas
  7 guardian serpents
  17 naga magi
  A water nymph (shapeshifter) (Vaults:5)
  13 cane toads
  16 vault sentinels
  A smoke demon (Depths:2)
  Joseph (D:10)
  5 gargoyles
  3 orange demons
  4 unseen horrors
  31 yaktaurs
  2 rime drakes
  9 komodo dragons
  A tormentor (Zot:5)
  3 freezing wraiths
  2 efreet
  A bunyip simulacrum (Crypt:2)
  2 harpy zombies
  An anaconda simulacrum (Crypt:1)
  10 guardian mummies
  2 red devils (Depths:2)
  8 tengu conjurers
  A troll (shapeshifter) (D:11)
  8 trolls
  A hydra zombie (Crypt:3)
  A polar bear (Lair:5)
  15 hornets
  A bloated husk (Swamp:4)
  2 hellwings
  11 blink frogs
  A tarantella (Vaults:2)
  4 tyrant leeches
  A dream sheep (shapeshifter) (Vaults:5)
  63 saltlings (Desolation)
  An ice dragon zombie (Crypt:3)
  Prince Ribbit (D:8)
  A raiju (shapeshifter) (D:14)
  A fire dragon zombie (Crypt:2)
  2 air elementals (Elf:2)
  A slime creature (shapeshifter) (Vaults:5)
  A ynoxinul (Depths:2)
  A jumping spider (shapeshifter) (Vaults:4)
  A culicivora (Vaults:2)
  14 wraiths
  36 slime creatures
  28 yaks
  2 centaur simulacra (D:14)
  5 vampires
  A shadow (D:12)
  6 wyverns
  3 steam dragons
  7 chaos spawn
  2 fire elementals (Elf:2)
  6 basilisks
  A slime creature zombie (Crypt:1)
  5 redbacks (Vaults:2)
  A neqoxec (Depths:2)
  A minotaur simulacrum (Crypt:2)
  15 vampire mosquitoes
  42 nagas
  A glowing shapeshifter zombie (Depths:2)
  4 wargs
  2 harpy simulacra (Crypt:1)
  Edmund (D:5)
  15 swamp worms
  Menkaure (D:5)
  5 acid dragons
  A floating eye (Depths:2)
  A glowing shapeshifter skeleton (Depths:2)
  Duvessa (D:5)
  9 swamp drakes
  27 orc warriors
  10 water moccasins
  A sky beast (D:8)
  A swamp dragon zombie (Crypt:3)
  An ettin simulacrum (Crypt:1)
  2 black bears
  A blink frog zombie (Crypt:3)
  An ice beast (D:6)
  9 ogres
  2 boggarts
  A dream sheep zombie (Crypt:3)
  21 wolves
  13 centaurs
  A blink frog skeleton (Crypt:2)
  A fire crab zombie (Crypt:1)
  3 kobold brigands
  4 earth elementals
  7 bullfrogs
  6 necrophages
  A rime drake skeleton (Crypt:1)
  A gnoll sergeant (D:9)
  4 scorpions
  16 wights
  3 small abominations (Depths:3)
  Dowan (D:5)
  A warg skeleton (Crypt:1)
  8 killer bees
  A raiju skeleton (Crypt:2)
  4 electric eels
  7 vampire bats (Bailey)
  8 howler monkeys
  A yak skeleton (Crypt:2)
  5 wolf zombies (Bailey)
  3 jellies
  A basilisk zombie (Crypt:1)
  2 centaur zombies (Crypt:1)
  15 orc priests
  5 hounds
  7 iguanas
  32 orc wizards
  An ogre skeleton (Crypt:1)
  A hound skeleton (Crypt:3)
  4 mummies (Depths:4)
  A killer bee simulacrum (D:9)
  10 adders
  7 gnolls
  2 shadow imps
  2 white imps
  3 ufetubi (D:5)
  An iguana zombie (Crypt:3)
  A worm (D:4)
  2 dart slugs
  54 orcs
  8 bats
  7 endoplasms
  7 giant cockroaches
  10 goblins
  7 hobgoblins
  A jackal (shapeshifter) (Vaults:4)
  4 jackals (D:1)
  3 quokkas
  7 ball pythons
  4 frilled lizards
  16 kobolds
  24 orc zombies (Bailey)
  A quokka zombie (Crypt:3)
  6 rats
2374 creatures vanquished.

Vanquished Creatures (others)
  A nagaraja (Snake:4)
  A fire giant (Depths:3)
  A draconian knight (Zot:1)
  A dancing weapon (Elf:2)
  2 deep elf knights (Elf:2)
  2 wizards
  2 deep elf pyromancers
  2 bloated husks (Swamp:3)
  A saltling (Desolation)
  An air elemental (Elf:1)
  A spriggan (Swamp:4)
  18 foxfires
33 creatures vanquished.

Grand Total: 2407 creatures vanquished

Notes
Turn   | Place    | Note
-------+----------+-------------------------------------------
     0 | D:1      | Hi5aMiFi the Minotaur Fighter began the quest for the Orb.
     0 | D:1      | Reached XP level 1. HP: 19/19 MP: 0/0
   254 | D:1      | Reached skill level 4 in Fighting
   315 | D:1      | Reached XP level 2. HP: 28/28 MP: 1/1
   332 | D:1      | You fall into a shaft and drop 1 floor!
   851 | D:3      | Reached XP level 3. HP: 35/35 MP: 2/2
  1372 | D:1      | Reached skill level 5 in Fighting
  1672 | D:3      | Reached XP level 4. HP: 42/42 MP: 3/3
  2189 | D:4      | Noticed a black bear
  2245 | D:4      | Reached skill level 5 in Armour
  2359 | D:4      | Found a staircase to the Ecumenical Temple.
  2369 | Temple   | Entered the Ecumenical Temple
  2369 | Temple   | Found a transporter.
  2369 | Temple   | Found a transporter.
  2384 | Temple   | Found a transporter.
  2384 | Temple   | Found a transporter.
  2418 | Temple   | Became a worshipper of Warmaster Okawaru
  2687 | D:4      | Reached skill level 1 in Throwing
  2687 | D:4      | Reached XP level 5. HP: 47/48 MP: 4/4
  3028 | D:5      | Entered Level 5 of the Dungeon
  3089 | D:5      | Found a broken altar of Ashenzari.
  3134 | D:5      | Noticed an ogre
  3313 | D:5      | Noticed Menkaure
  3354 | D:5      | Reached XP level 6. HP: 57/57 MP: 5/5
  3456 | D:5      | Noticed Duvessa
  3456 | D:5      | Noticed Dowan
  3468 | D:5      | Killed Duvessa
  3468 | D:5      | Reached * piety under Okawaru
  3469 | D:5      | Reached skill level 6 in Fighting
  3477 | D:5      | Killed Dowan
  3546 | D:5      | Reached XP level 7. HP: 63/64 MP: 6/6
  4218 | D:2      | Reached skill level 7 in Fighting
  4781 | D:5      | Got Tiuthyux's Discursus on Lethal Ectoplasm
  5154 | D:5      | Noticed Edmund
  5168 | D:5      | Killed Edmund
  5440 | D:4      | Reached skill level 1 in Maces & Flails
  5440 | D:4      | Reached XP level 8. HP: 70/73 MP: 7/7
  5497 | D:5      | Reached ** piety under Okawaru
  5609 | D:5      | Found a sacrificial altar of Ru.
  5662 | D:6      | Reached skill level 10 in Armour
  5760 | D:6      | Reached skill level 1 in Invocations
  6165 | D:6      | Reached *** piety under Okawaru
  6166 | D:6      | Reached XP level 9. HP: 60/80 MP: 10/10
  6810 | D:7      | Reached skill level 8 in Fighting
  6958 | D:7      | Reached skill level 5 in Maces & Flails
  7252 | D:7      | Found a hazy altar of Hepliaklqana.
  7281 | D:7      | Reached skill level 5 in Invocations
  7597 | D:8      | Found a blossoming altar of Fedhas.
  7606 | D:8      | Reached skill level 5 in Polearms
  7640 | D:8      | Noticed Prince Ribbit
  7649 | D:8      | Killed Prince Ribbit
  7649 | D:8      | Reached **** piety under Okawaru
  7650 | D:8      | Reached skill level 9 in Fighting
  7742 | D:8      | Found a stormy altar of Qazlal.
  7807 | D:8      | Noticed Maurice
  7959 | D:9      | Found a flagged portal.
  7972 | D:9      | Noticed a two-headed ogre
  8054 | D:9      | Noticed a troll
  8065 | D:9      | Killed a troll
  8066 | D:9      | Reached XP level 10. HP: 72/91 MP: 9/13
  8102 | D:9      | Killed a two-headed ogre
  8148 | D:9      | Received a gift from Okawaru
  8191 | Bailey   | Entered a bailey
  8351 | Bailey   | Noticed a gargoyle
  8363 | Bailey   | Killed a gargoyle
  8964 | D:9      | Reached skill level 10 in Fighting
  9141 | D:9      | Noticed a centaur warrior
  9158 | D:9      | Killed a centaur warrior
  9158 | D:9      | Received a gift from Okawaru
  9319 | D:9      | Noticed a two-headed ogre
  9379 | D:9      | Noticed a boulder beetle
  9568 | D:8      | Reached XP level 11. HP: 99/99 MP: 15/15
  9615 | D:8      | Found a burning altar of Makhleb.
  9666 | D:8      | Killed Maurice
  9785 | D:9      | Noticed a tengu warrior
  9785 | D:9      | Noticed a brown ugly thing
  9838 | D:10     | Entered Level 10 of the Dungeon
  9838 | D:10     | Found a staircase to the Orcish Mines.
  9839 | D:10     | Found a radiant altar of Vehumet.
  9841 | D:10     | Noticed a two-headed ogre
  9996 | D:9      | Killed a boulder beetle
 10133 | D:10     | Noticed Joseph
 10146 | D:10     | Killed Joseph
 10385 | D:9      | Noticed a two-headed ogre
 10952 | D:9      | Killed a two-headed ogre
 10976 | D:10     | Killed a two-headed ogre
 10977 | D:10     | Reached skill level 1 in Evocations
 11358 | D:10     | Identified a scroll of acquirement
 11359 | D:10     | Acquired the amulet "Meley" {Will+ Regen+}
 11416 | D:10     | Reached skill level 10 in Polearms
 11447 | D:10     | Noticed Erica
 11549 | D:9      | Killed a brown ugly thing
 11555 | D:9      | Killed a two-headed ogre
 11951 | D:11     | Received a gift from Okawaru
 11978 | D:11     | Identified the ring of Eclu Gil {rF+ Int+2}
 12046 | D:11     | Reached skill level 11 in Fighting
 12047 | D:11     | Found a staircase to the Lair.
 12194 | D:11     | Noticed a two-headed ogre
 12236 | Lair:1   | Entered Level 1 of the Lair of Beasts
 12527 | Lair:1   | Reached XP level 12. HP: 99/110 MP: 17/17
 12934 | Lair:2   | Noticed a death yak
 13177 | Lair:2   | Reached skill level 12 in Fighting
 13257 | Lair:2   | Noticed a death yak
 13257 | Lair:2   | Noticed a death yak
 13266 | Lair:2   | Noticed a death yak
 13269 | Lair:2   | Killed a death yak
 13288 | Lair:2   | Killed a death yak
 13304 | Lair:2   | Killed a death yak
 13304 | Lair:2   | Reached ***** piety under Okawaru
 13306 | Lair:2   | Noticed a death yak
 13306 | Lair:2   | Noticed a death yak
 13324 | Lair:2   | Noticed a death yak
 13326 | Lair:2   | Killed a death yak
 13327 | Lair:2   | Killed a death yak
 13335 | Lair:2   | Killed a death yak
 13612 | Lair:2   | Received a gift from Okawaru
 13623 | Lair:2   | Reached skill level 5 in Throwing
 13628 | Lair:2   | Received a gift from Okawaru
 13696 | Lair:2   | Noticed a death yak
 13707 | Lair:2   | Noticed a death yak
 13711 | Lair:2   | Killed a death yak
 13719 | Lair:2   | Killed a death yak
 13724 | Lair:2   | Killed a death yak
 13833 | Lair:2   | Found a staircase to the Swamp.
 13998 | Lair:3   | Found a radiant altar of Vehumet.
 14031 | Lair:3   | Noticed a death yak
 14031 | Lair:3   | Noticed a death yak
 14031 | Lair:3   | Noticed a death yak
 14884 | Lair:3   | Killed a death yak
 14885 | Lair:3   | Reached XP level 13. HP: 110/119 MP: 19/19
 14921 | Lair:3   | Reached skill level 10 in Invocations
 14982 | Lair:3   | Found a staircase to the Snake Pit.
 15049 | Lair:3   | Received a gift from Okawaru
 15358 | Lair:4   | Identified the +5 flail of Gallantry {heavy, rElec}
 15966 | Lair:4   | Received a gift from Okawaru
 15988 | Lair:4   | Reached skill level 13 in Fighting
 16375 | Lair:5   | Entered Level 5 of the Lair of Beasts
 16385 | Lair:5   | Found a staircase to the Slime Pits.
 16590 | Lair:5   | Received a gift from Okawaru
 16917 | Lair:5   | Received a gift from Okawaru
 17642 | Lair:5   | Reached skill level 15 in Armour
 17652 | Lair:5   | Reached XP level 14. HP: 102/130 MP: 21/21
 17705 | Lair:5   | Identified the +7 halberd "Ehoxto" {drain, *Noise rN+ Str+3
                  | Int+5} (Okawaru gifted it to you on level 5 of the Lair of
                  | Beasts)
 17705 | Lair:5   | Received a gift from Okawaru
 17767 | Lair:5   | Found a shimmering altar of Xom.
 18516 | Lair:5   | Reached skill level 1 in Dodging
 18672 | Lair:5   | Identified the staff of conjuration "Ofiacs" {rPois rC+}
 19148 | D:11     | Received a gift from Okawaru
 19196 | D:11     | Reached skill level 14 in Fighting
 19204 | D:11     | Identified the +2 sling "Pinguzin" {freeze, MP-9 Int+5}
 19305 | D:11     | Received a gift from Okawaru
 19436 | D:10     | Found a bloodstained altar of Trog.
 19513 | D:10     | Found a snail-covered altar of Cheibriados.
 19546 | D:10     | Killed Erica
 20226 | D:12     | Received a gift from Okawaru
 20247 | D:12     | Reached skill level 10 in Throwing
 20395 | D:12     | Received a gift from Okawaru
 20503 | D:12     | Reached skill level 5 in Dodging
 20582 | D:12     | Received a gift from Okawaru
 20636 | D:12     | Received a gift from Okawaru
 20704 | D:12     | Received a gift from Okawaru
 20770 | D:12     | Reached skill level 15 in Fighting
 20840 | D:12     | Found an opulent altar of Gozag.
 20854 | D:12     | Identified the +0 pair of boots of Wu Jian's Approval
                  | {*Slow Int+2 SInv}
 20966 | D:12     | Reached XP level 15. HP: 141/141 MP: 20/23
 20975 | D:12     | Got the Information on Left-Handed Magic
 21867 | D:13     | Found a runed translucent door.
 21871 | D:13     | Received a gift from Okawaru
 21918 | D:13     | Reached skill level 15 in Polearms
 21919 | D:13     | Noticed a frost giant
 22181 | D:14     | Received a gift from Okawaru
 22397 | D:14     | Found Asoaleemn's General Store.
 22405 | D:14     | Bought a scroll of identify for 26 gold pieces
 22813 | D:14     | Found a gate to the Vaults.
 22842 | D:14     | Received a gift from Okawaru
 22857 | D:14     | Reached skill level 5 in Shields
 22938 | D:14     | Received a gift from Okawaru
 23269 | Orc:1    | Entered Level 1 of the Orcish Mines
 23677 | Orc:2    | Entered Level 2 of the Orcish Mines
 23899 | Orc:2    | Found a staircase to the Elven Halls.
 24578 | Arena    | Entered the Arena
 24649 | Orc:2    | Found Deejiso's Jewellery Shoppe.
 24649 | Orc:2    | Found Heaf's Weapon Boutique.
 24651 | Orc:2    | Found Nidagg's Magic Scroll Shoppe.
 24651 | Orc:2    | Found Wiameumi's Armour Boutique.
 24665 | Orc:2    | Bought a scroll of identify for 30 gold pieces
 24665 | Orc:2    | Bought a scroll of identify for 30 gold pieces
 24669 | Orc:2    | Bought a ring of willpower for 375 gold pieces
 24676 | Orc:2    | Bought a +2 crystal plate armour for 1380 gold pieces
 24705 | Orc:2    | Bought a scroll of enchant weapon for 112 gold pieces
 24705 | Orc:2    | Bought a scroll of enchant weapon for 112 gold pieces
 24705 | Orc:2    | Bought a scroll of teleportation for 45 gold pieces
 24705 | Orc:2    | Bought a scroll of teleportation for 45 gold pieces
 24705 | Orc:2    | Bought a scroll of vulnerability for 60 gold pieces
 24709 | Orc:2    | Bought a ring of protection from cold for 375 gold pieces
 24906 | D:14     | Bought a potion of brilliance for 52 gold pieces
 24907 | D:14     | Bought 2 javelins for 78 gold pieces
 25161 | D:5      | Killed Menkaure
 25558 | Snake:1  | Entered Level 1 of the Snake Pit
 25596 | Snake:1  | Found Rezog's Antique Weapon Shop.
 25631 | Snake:1  | Identified the +8 shortbow "Viseasat" {flame, Int+3}
 25914 | Snake:1  | Reached XP level 16. HP: 149/149 MP: 25/25
 26131 | Snake:1  | Found Hocaahon's Antique Armour Shoppe.
 26237 | Snake:1  | Found Sepioq's General Store.
 26241 | Snake:1  | Bought a scroll of immolation for 64 gold pieces
 26241 | Snake:1  | Bought a scroll of identify for 32 gold pieces
 26241 | Snake:1  | Bought a scroll of identify for 32 gold pieces
 26243 | Snake:1  | Bought a scroll of enchant armour for 120 gold pieces
 26284 | Snake:1  | Received a gift from Okawaru
 26578 | Snake:1  | Found Vutamos's Magic Scroll Emporium.
 26586 | Snake:1  | Bought a scroll of blinking for 127 gold pieces
 26586 | Snake:1  | Bought a scroll of enchant armour for 127 gold pieces
 27104 | Snake:2  | Noticed Louise
 27616 | Snake:3  | Received a gift from Okawaru
 27771 | Snake:3  | Reached skill level 10 in Maces & Flails
 27896 | Snake:3  | Found Qaikos's Mayhem Merchandise.
 28028 | Snake:3  | Found Awiedeaw's Jewellery Emporium.
 28916 | Snake:4  | Entered Level 4 of the Snake Pit
 29010 | Snake:4  | Received a gift from Okawaru
 29171 | Snake:4  | Identified the +5 demon trident of Gorphich {drain, Str+7
                  | Dex-4} (Okawaru gifted it to you on level 4 of the Snake
                  | Pit)
 29171 | Snake:4  | Received a gift from Okawaru
 29311 | Snake:4  | Identified the staff of fire "Atok" {rF+ Str+9}
 29890 | Snake:2  | Killed Louise
 29973 | Snake:2  | Reached skill level 10 in Shields
 30157 | Snake:2  | Noticed Aizul
 30187 | Snake:2  | Killed Aizul
 30388 | Snake:2  | Noticed Vashnia
 30420 | Snake:2  | Killed Vashnia
 31118 | Snake:4  | Reached XP level 17. HP: 127/156 MP: 26/26
 31412 | Snake:4  | Identified the +1 buckler of Nurosi {Str+3} (Okawaru gifted
                  | it to you on level 4 of the Snake Pit)
 31412 | Snake:4  | Received a gift from Okawaru
 31507 | Snake:4  | Noticed Roxanne
 33432 | Snake:4  | Got a serpentine rune of Zot
 34356 | Arena    | Entered the Arena
 35254 | Swamp:1  | Entered Level 1 of the Swamp
 35263 | Swamp:1  | Identified the +3 demon trident "Kuda" {flame, *Rage rCorr
                  | Str+2 Dex+3} (Okawaru gifted it to you on level 1 of the
                  | Swamp)
 35263 | Swamp:1  | Received a gift from Okawaru
 35543 | Swamp:1  | Reached skill level 15 in Shields
 35625 | Swamp:1  | Identified the +0 cloak of Servitude {SInv}
 36166 | Swamp:2  | Received a gift from Okawaru
 36259 | Arena    | Entered the Arena
 37258 | Arena    | Entered the Arena
 37289 | Swamp:3  | Reached XP level 18. HP: 100/163 MP: 25/27
 37747 | Swamp:3  | Found a shimmering altar of Xom.
 37853 | Swamp:3  | Identified the +2 ring mail of the Invisible People {rC+
                  | Str-5 Stlth+}
 38017 | Swamp:4  | Entered Level 4 of the Swamp
 38538 | Swamp:4  | Received a gift from Okawaru
 39108 | Swamp:4  | Got a decaying rune of Zot
 39329 | Vaults:1 | Entered Level 1 of the Vaults
 39604 | Vaults:1 | Reached XP level 19. HP: 170/170 MP: 28/28
 39674 | Vaults:1 | Received a gift from Okawaru
 39958 | Vaults:1 | Noticed an ancient lich
 39978 | Vaults:1 | Killed an ancient lich
 40186 | Vaults:1 | Found a runed translucent gate.
 40186 | Vaults:1 | Found a runed translucent gate.
 40186 | Vaults:1 | Found a runed translucent gate.
 40186 | Vaults:1 | Noticed crisisinutopia's ghost (adept MiFi)
 40190 | Vaults:1 | Identified the +3 plate armour of Gozag's Whim {Fly rC+
                  | rN+}
 40316 | Vaults:1 | Received a gift from Okawaru
 40512 | Vaults:1 | Found Hiezuko's Jewellery Boutique.
 40660 | Vaults:1 | Reached XP level 20. HP: 174/178 MP: 29/29
 40799 | Vaults:1 | Killed crisisinutopia's ghost
 40837 | Vaults:1 | Identified the +6 falchion of Courgh {drain, Int+2 Dex+3}
 41379 | Vaults:2 | Received a gift from Okawaru
 41815 | Arena    | Entered the Arena
 41911 | Vaults:2 | Found Barr's Magic Scroll Shop.
 42486 | Vaults:2 | Received a gift from Okawaru
 42606 | Arena    | Entered the Arena
 42862 | Vaults:2 | You fall into a shaft and drop 2 floors!
 43127 | Vaults:4 | Found a crumbling gateway.
 43161 | Desolati | Entered the Desolation of Salt
 43347 | Arena    | Entered the Arena
 43368 | Desolati | Received a gift from Okawaru
 43740 | Desolati | Received a gift from Okawaru
 43749 | Desolati | Identified the ring "Zerikh" {rElec Will+}
 43752 | Desolati | Identified the ring of the Equinox {rF+ rN+ Int+6}
 43755 | Desolati | Identified the ring "Ange" {Fly rF+ Str-4 Int+3 Dex+3}
 44194 | Desolati | Found the +1 robe of Vines {NoPotionHeal Regen++++}
 44419 | Desolati | Got the Secrets of the Band and the Evil Eye
 44422 | Desolati | Got the Compilation of the Valley and Abominable Spells
 44552 | Desolati | Received a gift from Okawaru
 44725 | Desolati | Identified the +2 dagger "Avomeops" {protect, Int+4}
 44729 | Desolati | Got the Monograph on Distorted Allies
 44733 | Desolati | Got the Collected Works on Fire and Variation
 44735 | Desolati | Identified the staff of death "Dusuvodgh" {rF+ rN+ Dex+2}
 44745 | Desolati | Identified the +0 chain mail "Unearon" {Contam Harm MP+9}
 44936 | Vaults:4 | Reached skill level 15 in Maces & Flails
 45029 | Vaults:3 | Reached skill level 16 in Fighting
 45029 | Vaults:3 | Reached XP level 21. HP: 183/188 MP: 10/30
 45423 | Vaults:2 | Bought 2 scrolls of fear for 112 gold pieces
 45423 | Vaults:2 | Bought a scroll of teleportation for 42 gold pieces
 46099 | Vaults:3 | Identified the ring "Dinawnol" {+Blink rCorr MP-9 Str+6
                  | Stlth+}
 46338 | Vaults:3 | Found a staircase to the Crypt.
 46379 | Vaults:3 | Identified the +5 leather armour of Fun and Games {rElec
                  | Regen+ Str+2}
 46588 | Vaults:3 | Reached skill level 17 in Fighting
 46883 | Vaults:3 | Noticed Asterion
 46894 | Vaults:3 | Killed Asterion
 46897 | Vaults:3 | Received a gift from Okawaru
 47434 | Vaults:4 | Reached skill level 18 in Fighting
 47650 | Vaults:4 | Identified the +12 chain mail of the Bruised Lovers {Will+
                  | Str+3}
 47868 | Vaults:4 | Received a gift from Okawaru
 48214 | Vaults:4 | Found Duoq's Magic Scroll Shoppe.
 48227 | Vaults:4 | Bought a scroll of acquirement for 728 gold pieces
 48227 | Vaults:4 | Bought 2 scrolls of silence for 266 gold pieces
 48227 | Vaults:4 | Acquired a manual of Maces & Flails
 48421 | Vaults:4 | Reached skill level 19 in Fighting
 49035 | Orc:2    | Bought a scroll of teleportation for 45 gold pieces
 49237 | Snake:1  | Bought a scroll of teleportation for 51 gold pieces
 49237 | Snake:1  | Bought a scroll of vulnerability for 68 gold pieces
 49411 | D:14     | Bought a potion of curing for 39 gold pieces
 49448 | D:15     | Entered Level 15 of the Dungeon
 49486 | D:15     | Identified the +0 chain mail "Reom" {rC+ rCorr Int-3 Dex+3}
 49653 | D:15     | Found a white marble altar of Elyvilon.
 50092 | D:15     | Found a staircase to the Depths.
 50707 | Snake:4  | Killed Roxanne
 51046 | Elf:1    | Entered Level 1 of the Elven Halls
 51283 | Elf:1    | Received a gift from Okawaru
 51441 | Elf:1    | Reached XP level 22. HP: 186/209 MP: 10/31
 51452 | Elf:1    | Reached skill level 20 in Fighting
 51489 | Elf:1    | Identified the +2 ring mail "Ilin" {Str+2}
 51629 | Elf:1    | Found Bits's Antique Weapon Emporium.
 51631 | Elf:1    | Found Efohoz's Armour Emporium.
 51631 | Elf:1    | Found Vogruebe's Assorted Antiques.
 51636 | Elf:1    | Found Utsa's Distillery.
 51642 | Elf:1    | Bought a potion of haste for 170 gold pieces
 51642 | Elf:1    | Bought a potion of heal wounds for 85 gold pieces
 51642 | Elf:1    | Bought a potion of heal wounds for 85 gold pieces
 51675 | Elf:1    | Paralysed by an air elemental for 1 turns
 52928 | Elf:2    | Found a huge runed translucent gate.
 52928 | Elf:2    | Found a huge runed translucent gate.
 52928 | Elf:2    | Found a huge runed translucent gate.
 52929 | Elf:2    | Found a huge runed translucent gate.
 52930 | Elf:2    | Found a huge runed translucent gate.
 53183 | Elf:2    | Reached skill level 21 in Fighting
 53183 | Elf:2    | Reached skill level 15 in Invocations
 53522 | Elf:2    | Identified the +0 cloak of Pantheism {Rampage rN++ rCorr
                  | Str-5 Int+2} (Okawaru gifted it to you on level 2 of the
                  | Elven Halls)
 53522 | Elf:2    | Received a gift from Okawaru
 53801 | Elf:3    | Entered Level 3 of the Elven Halls
 54321 | Elf:3    | Reached skill level 22 in Fighting
 54692 | Elf:3    | Found Nekhen's Book Shoppe.
 54692 | Elf:3    | Found Junleing's Jewellery Boutique.
 54693 | Elf:3    | Found Amynar's Jewellery Boutique.
 54981 | Elf:3    | Identified the +5 ring mail of Menaesye {+Blink rC- Str-3
                  | Dex+7}
 55177 | Elf:3    | Identified the +8 great mace of the Puffball {flame, +Blink
                  | rElec rC- Dex+2}
 55181 | Elf:3    | Identified the +0 chain mail "Weurr" {rN+ Dex+3}
 55400 | Elf:3    | Reached skill level 1 in Axes
 55511 | Elf:3    | Found the +3 pair of gauntlets of War {Slay+5}
 55524 | Elf:3    | Identified the +2 dagger of Sofacw {freeze, rC+ Str+3}
 55535 | Elf:3    | Identified the +3 dagger "Ixenem" {heavy, Str+4 Int+2
                  | Dex+4}
 55537 | Elf:3    | Got the Octavo of the Smouldering Comitatus
 55615 | Elf:3    | Got the Handbook of Shivering Battling
 55623 | Elf:3    | Acquired the +1 pair of boots of Opnuzup {rElec Dex+6}
 56261 | Crypt:1  | Entered Level 1 of the Crypt
 56702 | Crypt:1  | Noticed Sojobo
 56716 | Crypt:1  | Killed Sojobo
 56717 | Crypt:1  | Reached skill level 5 in Axes
 56878 | Crypt:1  | Received a gift from Okawaru
 57088 | Crypt:1  | Found an ancient bone altar of Kikubaaqudgha.
 57590 | Arena    | Entered the Arena
 57630 | Crypt:2  | Reached XP level 23. HP: 223/223 MP: 30/33
 58004 | Crypt:2  | Received a gift from Okawaru
 58218 | Crypt:2  | Reached skill level 10 in Axes
 58230 | Arena    | Entered the Arena
 58324 | Crypt:2  | Received a gift from Okawaru
 59182 | Crypt:3  | Entered Level 3 of the Crypt
 59259 | Crypt:3  | Reached skill level 5 in Evocations
 59395 | Crypt:3  | Noticed Saint Roka
 59431 | Crypt:3  | Killed Saint Roka
 59471 | Crypt:3  | Received a gift from Okawaru
 59581 | Crypt:3  | Noticed Boris
 59590 | Crypt:3  | Killed Boris
 59640 | Crypt:3  | Received a gift from Okawaru
 59876 | Crypt:3  | Identified the +3 falchion of the Chickpea {flame, Contam
                  | Dex+9}
 60484 | Crypt:3  | Found a staircase to the Tomb.
 60609 | Crypt:3  | Found an ancient bone altar of Kikubaaqudgha.
 60736 | Crypt:3  | Received a gift from Okawaru
 60746 | Crypt:3  | Noticed Jory
 60769 | Crypt:3  | Killed Jory
 60792 | Crypt:3  | Got Khufu's Codex of the Autopsy
 60797 | Crypt:3  | Identified the +0 ring mail "Rohiwnue" {Str+2 Dex+3}
 60799 | Crypt:3  | Identified the +4 morningstar "Waumec" {holy, rElec Will-
                  | Int+7}
 60810 | Crypt:3  | Identified the amulet "Lyiqeg" {Regen+ Slay+2 SInv}
 60810 | Crypt:3  | Identified the ring of the Evening {Fly rF- rN+ Int+7
                  | Dex+3}
 61082 | Crypt:3  | Received a gift from Okawaru
 61664 | Depths:1 | Entered Level 1 of the Depths
 61684 | Depths:1 | Received a gift from Okawaru
 61802 | Depths:1 | Found a one-way gate to the infinite horrors of the Abyss.
 61824 | Depths:1 | Found a shadowy altar of Dithmenos.
 61941 | Depths:1 | Received a gift from Okawaru
 61945 | Depths:1 | Reached XP level 24. HP: 184/231 MP: 33/33
 62128 | Depths:1 | Reached skill level 15 in Throwing
 62178 | Depths:1 | Found a gateway to Hell.
 62314 | Depths:1 | Found a one-way gate leading to the halls of Pandemonium.
 62593 | Depths:2 | Found a one-way gateway to a ziggurat.
 62696 | Depths:2 | Reached ****** piety under Okawaru
 62701 | Depths:2 | Noticed Vv
 62728 | Depths:2 | Killed Vv
 63256 | Depths:2 | Identified the +4 trident of the Globe {spect, *Rage rPois
                  | Will+ Int+7} (Okawaru gifted it to you on level 2 of the
                  | Depths)
 63256 | Depths:2 | Received a gift from Okawaru
 63310 | Depths:2 | Reached skill level 10 in Evocations
 63897 | Depths:2 | Reached skill level 23 in Fighting
 64052 | Depths:2 | Acquired 551 gold pieces
 64170 | Depths:2 | Received a gift from Okawaru
 64420 | Depths:3 | Found a basalt altar of Yredelemnul.
 64731 | Depths:3 | Noticed the Enchantress
 64751 | Depths:3 | Received a gift from Okawaru
 64751 | Depths:3 | Killed the Enchantress
 64862 | Arena    | Entered the Arena
 64889 | Depths:3 | Reached skill level 24 in Fighting
 64901 | Depths:3 | Received a gift from Okawaru
 65814 | Depths:3 | Received a gift from Okawaru
 65858 | Depths:4 | Entered Level 4 of the Depths
 66291 | Depths:4 | Received a gift from Okawaru
 66311 | Depths:4 | Reached skill level 25 in Fighting
 66320 | Depths:4 | Reached XP level 25. HP: 201/249 MP: 33/33
 66675 | Depths:4 | Received a gift from Okawaru
 66965 | Depths:4 | Received a gift from Okawaru
 67345 | Depths:4 | Found a gate to the Realm of Zot.
 67364 | Depths:4 | Reached skill level 26 in Fighting
 67369 | Depths:4 | Received a gift from Okawaru
 67901 | Elf:1    | Bought a potion of lignification for 51 gold pieces
 67901 | Elf:1    | Bought 2 potions of ambrosia for 272 gold pieces
 67901 | Elf:1    | Bought a potion of attraction for 51 gold pieces
 67901 | Elf:1    | Bought a potion of cancellation for 136 gold pieces
 67901 | Elf:1    | Bought a potion of curing for 51 gold pieces
 68214 | Vaults:5 | Entered Level 5 of the Vaults
 68243 | Vaults:5 | Noticed a dread lich
 68260 | Vaults:5 | Killed a dread lich
 68343 | Vaults:5 | Received a gift from Okawaru
 68567 | Vaults:5 | Reached skill level 27 in Fighting
 68578 | Vaults:5 | Received a gift from Okawaru
 68610 | Vaults:5 | Got a silver rune of Zot
 68771 | Vaults:5 | Noticed a dread lich
 68784 | Vaults:5 | Killed a dread lich
 68815 | Vaults:5 | Noticed a dread lich
 68820 | Vaults:5 | Killed a dread lich
 69162 | Vaults:5 | Identified the staff of air "Oddokh" {rElec Str+2 Dex+2}
 69625 | Vaults:5 | Noticed an ancient lich
 69643 | Vaults:5 | Killed an ancient lich
 69719 | Vaults:5 | Identified the +8 sling "Giantbane" {freeze, *Slow +Blink
                  | rCorr MP+9}
 69728 | Vaults:5 | Identified the amulet "Qautz" {*Corrode Regen+ Int+3
                  | Stlth+}
 69922 | Vaults:5 | Received a gift from Okawaru
 69927 | Vaults:5 | Noticed a dread lich
 69950 | Vaults:5 | Killed a dread lich
 70109 | Vaults:5 | Identified the +1 chain mail of the Armoured One {+Blink
                  | SInv} (Okawaru gifted it to you on level 5 of the Vaults)
 70109 | Vaults:5 | Received a gift from Okawaru
 70466 | Vaults:5 | Found Arosch's Book Shoppe.
 70469 | Vaults:5 | Found Ennam's Jewellery Boutique.
 70473 | Vaults:5 | Found Suqu's Jewellery Boutique.
 70501 | Vaults:5 | Found Damm's Book Shop.
 70516 | Vaults:5 | Reached XP level 26. HP: 214/256 MP: 34/34
 70543 | Vaults:5 | Bought the ring "Rucokauc" {rElec rF+ rN+ Str+3 Dex+7} for
                  | 1348 gold pieces
 70831 | Zot:1    | Entered Level 1 of the Realm of Zot
 72393 | Zot:2    | Identified the +10 great mace of Equivalence {flame, Str+5}
 72726 | Zot:2    | Noticed an orb of fire
 72745 | Zot:2    | Killed an orb of fire
 73025 | Zot:2    | Received a gift from Okawaru
 73025 | Zot:2    | Found the +16 obsidian axe {drain, demonic, Mesm Drain Fly
                  | SInv}
 73900 | Zot:2    | Received a gift from Okawaru
 74055 | Zot:3    | Received a gift from Okawaru
 75124 | Zot:4    | Received a gift from Okawaru
 75814 | Zot:4    | Found the +9 scales of the Dragon King {rPois rF+ rC+
                  | Will+}
 75874 | Zot:4    | Reached XP level 27. HP: 199/273 MP: 34/34
 76681 | Zot:5    | Entered Level 5 of the Realm of Zot
 76954 | Zot:5    | Noticed an orb of fire
 76954 | Zot:5    | Noticed an orb of fire
 76954 | Zot:5    | Noticed an orb of fire
 77004 | Zot:5    | Killed an orb of fire
 77384 | Zot:5    | Noticed an orb of fire
 77384 | Zot:5    | Noticed an orb of fire
 77386 | Zot:5    | Noticed an orb of fire
 77387 | Zot:5    | Gained mutation: You are clumsy. (Dex -2) [an orb of fire]
 77390 | Zot:5    | Noticed an orb of fire
 77390 | Zot:5    | Killed an orb of fire
 77390 | Zot:5    | Killed an orb of fire
 77390 | Zot:5    | Killed an orb of fire
 77390 | Zot:5    | Killed an orb of fire
 77398 | Zot:5    | Killed an orb of fire
 77398 | Zot:5    | Noticed an orb of fire
 77399 | Zot:5    | Received a gift from Okawaru
 77405 | Zot:5    | Killed an orb of fire
 77405 | Zot:5    | Noticed a dread lich
 77406 | Zot:5    | Gained mutation: You have large cloven feet. [an orb of
                  | fire]
 77407 | Arena    | Entered the Arena
 77408 | Arena    | Killed an orb of fire
 77444 | Zot:5    | Killed a dread lich
 77444 | Zot:5    | Received a gift from Okawaru
 77478 | Zot:5    | Noticed an ancient lich
 77482 | Zot:5    | Killed an ancient lich
 77856 | Zot:5    | Identified the +4 tower shield of the Wasteland {Rampage
                  | rN+} (Okawaru gifted it to you on level 5 of the Realm of
                  | Zot)
 77856 | Zot:5    | Received a gift from Okawaru
 78321 | Zot:5    | Got the Orb of Zot
 78470 | Zot:5    | Noticed Boris
 78481 | Zot:5    | Killed Boris
 78683 | Depths:1 | Noticed Gahocw Zagga the pandemonium lord
 78683 | Depths:1 | Noticed an ancient lich
 78692 | D:15     | Noticed Boris
 78709 | D:15     | Killed Boris
 78788 | D:11     | Noticed Vuqir the pandemonium lord
 79000 | D:$      | Escaped with the Orb!

Illustrated notes

Levels and vault maps discovered:
D:1:      minmay_arrival_split_and_join, layout_basic, bh_walls_and_bars
D:2:      layout_basic, dreamdust_wishing_well, minmay_fountain_box
D:3:      layout_loops_cross
D:4:      black_bear_nest_1, layout_gridville,
          minmay_temple_entry_drinking_statues, kennysheep_big_empty_room
D:5:      minmay_inner_zag, layout_basic, marbit_many_paths,
          nicolae_ru_great_annihilating_truth, grunt_ministairs_1,
          uniq_menkaure, uniq_duvessa, uniq_edmund
D:6:      layout_cave_pools
D:7:      layout_basic, old_standard_altar, minmay_misc_feat_rows,
          nicolae_elevator_lobby_asterisk
D:8:      nicolae_hitomezashi [nicolae_hito_row, nicolae_hito_row,
          nicolae_hito_row, nicolae_hito_row, nicolae_hito_row,
          nicolae_hito_row, nicolae_hito_row, nicolae_hito_row,
          nicolae_hito_row, nicolae_hito_row, nicolae_hito_row,
          nicolae_hito_row, nicolae_hito_row, nicolae_hito_row,
          nicolae_hito_row, nicolae_hito_row, nicolae_hito_row,
          nicolae_hito_row], layout_cave_pools, old_standard_altar,
          mainiacjoe_overflow_six_doors_small, lemuel_coloured_pillars_altar,
          uniq_maurice, uniq_prince_ribbit1
D:9:      nzn_winding_woodlands_cross [nzn_winding_woodlands_5x15_lazy_stream,
          nzn_winding_woodlands_5x15_zeroes, nzn_winding_woodlands_5x15_eye,
          nzn_winding_woodlands_5x15_parted,
          nzn_winding_woodlands_15x15_thick_spiral], layout_basic,
          enter_bailey_5, serial_bayou_lagoon_b
D:10:     layout_cave_pools, overflow_temple_1_default, kennysheep_mini_moat,
          mainiacjoe_overflow_alcove_2, minivault_27, uniq_joseph, uniq_erica
D:11:     minmay_inside_and_out, layout_basic
D:12:     minmay_the_grid_square_5x5_5x5_mashed [minmay_the_grid_square_5x5_v,
          minmay_the_grid_square_5x5_detours,
          minmay_the_grid_square_5x5_three_walls,
          minmay_the_grid_square_5x5_fat_x, minmay_the_grid_square_5x5_three,
          minmay_the_grid_square_5x5_slash,
          minmay_the_grid_square_5x5_prize_junk,
          minmay_the_grid_square_5x5_one_wall,
          minmay_the_grid_square_5x5_prize_gold, minmay_the_grid_square_5x5_meh,
          minmay_the_grid_square_5x5_shrine1,
          minmay_the_grid_square_5x5_hollow_slash,
          minmay_the_grid_square_5x5_prize_open,
          minmay_the_grid_square_5x5_checkered_sparse,
          minmay_the_grid_square_5x5_checkered,
          minmay_the_grid_square_5x5_minimal,
          minmay_the_grid_square_5x5_prize_waves,
          minmay_the_grid_square_5x5_almost_minimal,
          minmay_the_grid_square_5x5_prize_rear_guard,
          minmay_the_grid_square_5x5_inner_v,
          minmay_the_grid_square_5x5_six_small,
          minmay_the_grid_square_5x5_n_small, minmay_the_grid_square_5x5_six,
          minmay_the_grid_square_5x5_bridge,
          minmay_the_grid_square_5x5_dogpile], layout_cross
D:13:     layout_loops_cross, minivault_13
D:14:     kennysheep_green_arena, layout_loops_ring,
          lightli_vaults_fourway_checkpoint, serial_shops, shop,
          minmay_misc_feat_nine_boxes
D:15:     grunt_enter_depths_giant_problem, layout_gridville, elyvilon_altar_1
Temple:   hellmonk_temple_divided_pantheon
Lair:1:   layout_misc_corridors, minmay_stone_trees_small, beast_lair_carwin_2,
          serial_bayou_shore_b
Lair:2:   layout_regular_city, minmay_swamp_entry_swarm
Lair:3:   layout_cave_pods, dummy_snake_entry, basic_altar, dpeg_oklob_1
Lair:4:   layout_regular_city, serial_rivers, chequers_serial_rivers_micro_d,
          chequers_serial_rivers_room_a, chequers_serial_rivers_micro_e,
          chequers_serial_rivers_micro_a, chequers_serial_rivers_micro_c,
          chequers_serial_rivers_small_b
Lair:5:   grunt_lair_end_beastmaster, layout_regular_city, slime_entry_1,
          lemuel_centaur_altar
Swamp:1:  layout_falls_marsh, evilmike_swamp_ruin_rubble_2, swamp_pool5
Swamp:2:  layout_basic_swamp, hangedman_swamp_diagram, swamp_pool1,
          nicolae_swamp_trees_clearing, nicolae_swamp_little_tower
Swamp:3:  layout_basic_swamp, basic_altar
Swamp:4:  swamp, layout_basic_swamp
Snake:1:  nicolae_snake_shooting_gallery, layout_layer_cave, serial_shops,
          nicolae_shop_peninsula, nicolae_shop_just_a_little_nook,
          nicolae_shop_behind_doors, nicolae_lakefront_shop
Snake:2:  layout_cave_town, serial_bayou_shore_a, uniq_louise, uniq_aizul,
          uniq_vashnia
Snake:3:  layout_concentric_octagons, serial_shops, shop, eino_curves_03,
          minmay_shop_mayhem
Snake:4:  grunt_snake_rune_spirals, layout_onion, nicolae_snake_biting_tails,
          uniq_roxanne
Orc:1:    layout_caves
Orc:2:    grunt_orc_tribal_feast, layout_diamond_mine
Elf:1:    layout_gridlike, hangedman_elf_disciples, grunt_megastairs_2,
          minmay_shoptagon
Elf:2:    elven_hall_of_blades_hangedman_alternative
          [nicolae_blade_entry_sentries_behind_glass], layout_loops_corners,
          grunt_megastairs_3
Elf:3:    minmay_elf_hall_furrowed, layout_onion_city, st_stairs_14,
          minmay_shop_grove
Vaults:1: biasface_ghost_orc_armoury, ontoclasm_vaults_hangar,
          nicolae_vaults_offset_grid_hallway_3, nicolae_vaults_cochlea,
          ontoclasm_vaults_idyll, v_misc_12, hangedman_vaults_corner,
          nicolae_vaults_what_the_h, vaults_room_grunt_arrival_ludios,
          hangedman_vaults_cutoff, st_spiral_rooms, hangedman_vaults_impose,
          vaults_room_pools, nicolae_vaults_sightless_eye,
          layout_vaults_maze_snakey, serial_shops, nicolae_shop_behind_doors
Vaults:2: nicolae_vaults_frosty_reception, nicolae_vaults_surprise_closet,
          v_misc_5, v_rooms_3, nicolae_vaults_house_1, nicolae_vaults_rhombus_6,
          vaults_room_door_ring, vaults_dpeg_hooks, layout_vaults_quadrants,
          serial_shops, nicolae_shop_rolled_up
Vaults:3: v_pattern_5, nicolae_vaults_little_ls, minmay_crypt_entry_vampire_xt,
          nicolae_vaults_storage_closets_2, hangedman_vaults_snaps,
          nicolae_vaults_tetromino_Z_2, hangedman_vaults_cutoff,
          ontoclasm_vaults_decontamination, vaults_dpeg_ring,
          nicolae_vaults_turnstiles, nicolae_vaults_meeting, layout_vaults_ring,
          uniq_asterion
Vaults:4: portal_desolation_entry_twin_temple, nicolae_vaults_sesquioval_fish,
          nicolae_vaults_quadrants, v_misc_4, v_alt_pattern_1,
          hangedman_vaults_slither, nicolae_vaults_little_squares_5, v_misc_5,
          hangedman_vaults_impose, v_misc_9, nicolae_vaults_wine_cellar,
          nicolae_vaults_trapezoid_lopsided_1, nicolae_vaults_gold_heap,
          nicolae_vaults_tangram_1, layout_vaults_omnicross, serial_shops,
          nicolae_shop_waterfront
Vaults:5: serial_shops
Crypt:1:  layout_basic, basic_altar, serial_sigils_hangedman_gnaw, st_stairs_8,
          uniq_sojobo
Crypt:2:  layout_chaotic_city, grunt_megastairs_1
Crypt:3:  church_of_pain_bobbens, layout_chaotic_city, tomb_entry_shell_bobbens,
          uniq_saint_roka, uniq_boris
Depths:1: layout_cave_shapes, minmay_tree_intersection, hangedman_geh_valley,
          rand_demon_pan_entry_8, abyss_entry_small_statue_room,
          nicolae_dithmenos_through_a_glass_darkly
Depths:2: minmay_imperfect_grid, layout_basic, enter_ziggurat_a,
          hex_intersection, hell_entry, grunt_pan_entry_in_and_out, uniq_vv
Depths:3: nicolae_legendary_halls, layout_cave_shapes,
          yredelemnul_altar_generic, hell_entry, pan_entry,
          minmay_room_of_horrors, infiniplex_staircase_door_maze,
          uniq_enchantress
Depths:4: grunt_zot_entry_tricorne, layout_gridville,
          grunt_hell_entry_dis_grunt, minmay_guarded_unrand_curses
Zot:1:    layout_gridlike, grunt_ministairs_1
Zot:2:    layout_gridlike, grunt_ministairs_3, lemuel_golem_globe
Zot:3:    layout_basic, grunt_ministairs_6
Zot:4:    layout_cathedral_of_symmetry, grunt_ministairs_8
Zot:5:    layout_gridlike, st_stairs_13

Skill      XL: |  1  2  3  4  5  6  7  8  9 10 11 12 13 14 15 16 17 18 19 20 21 22 23 24 25 26 27 |
---------------+----------------------------------------------------------------------------------+-----
Fighting       | 4 5 6 7 9 10 11 12 13 15 16 19 22 25 27 | 27.0
Armour         | 4 5 6 7 9 10 11 12 13 14 15 18 19 21 22 25 | 25.0
Throwing       | 1 2 3 6 9 10 11 14 16 17 | 17.3
Maces & Flails | 1 4 5 8 14 15 16 18 20 | 20.9
Invocations    | 3 5 7 8 9 10 12 13 14 15 17 20 | 20.7
Polearms       | 6 8 10 11 13 14 15 | 15.3
Evocations     | 3 4 8 10 | 10.0
Dodging        | 5 |  5.0
Shields        | 9 11 15 18 20 22 23 25 | 25.0
Axes           | 7 11 | 11.9

Action                     |  1- 3 |  4- 6 |  7- 9 | 10-12 | 13-15 | 16-18 | 19-21 | 22-24 | 25-27 || total
---------------------------+-------+-------+-------+-------+-------+-------+-------+-------+-------++-------
  Melee: Trident           |   115 |    94 |   103 |       |       |       |       |       |       ||   312
         Headbutt          |     8 |     8 |    49 |    56 |   172 |   235 |   523 |   617 |   532 ||  2200
         Flail             |       |       |   130 |       |     8 |   805 |   660 |       |       ||  1603
         Halberd           |       |       |    53 |   491 |   974 |   237 |       |       |       ||  1755
         Punch             |       |       |       |       |     1 |       |       |       |       ||     1
         Morningstar       |       |       |       |       |       |    23 |   911 |   533 |   159 ||  1626
         Broad axe         |       |       |       |       |       |       |       |  1362 |  1266 ||  2628
  Throw: Stone             |     3 |     2 |       |       |       |       |       |       |       ||     5
         Boomerang         |       |    17 |    59 |    64 |   101 |   141 |   124 |   101 |   158 ||   765
         Dart              |       |       |     6 |    38 |    48 |       |       |       |       ||    92
         Javelin           |       |       |     2 |    19 |    46 |    29 |    61 |    51 |   113 ||   321
 Invoke: Heroism           |       |       |     6 |    15 |    23 |    17 |    15 |    12 |     7 ||    95
         Finesse           |       |       |       |     7 |     6 |     1 |     5 |     3 |     4 ||    26
         Duel              |       |       |       |       |     1 |     3 |     3 |     3 |     1 ||    11
  Evoke: Wand              |       |       |       |     3 |     6 |     7 |     7 |     3 |    10 ||    36
         Phial of floods   |       |       |       |       |       |       |     2 |       |       ||     2
    Use: Scroll            |     3 |     2 |     8 |    14 |    18 |    12 |    20 |    11 |    20 ||   108
         Potion            |       |     1 |     2 |     2 |       |     6 |    16 |    12 |    23 ||    62
   Stab: Paralysed         |       |       |     1 |       |     4 |       |     2 |       |       ||     7
         Distracted        |       |       |       |       |       |       |       |     1 |       ||     1
 Armour: Scale mail        |    44 |    27 |       |       |       |       |       |       |       ||    71
         Chain mail        |       |       |    40 |       |       |       |       |       |       ||    40
         Plate armour      |       |       |    98 |   175 |   278 |       |       |       |       ||   551
         Crystal plate arm |       |       |       |       |    18 |   746 |   634 |   338 |   334 ||  2070
         Skin              |       |       |       |       |       |       |       |    34 |    34 ||    68
         Gold dragon scale |       |       |       |       |       |       |       |       |    44 ||    44
  Dodge: Dodged            |    30 |    29 |   194 |   182 |   361 |   301 |   316 |   161 |   155 ||  1729
         Repelled          |       |       |       |       |     1 |       |       |       |       ||     1
  Block: Buckler           |    13 |     8 |    50 |       |       |       |       |       |       ||    71
         Kite shield       |       |       |       |       |       |   869 |   165 |       |       ||  1034
         Reflection        |       |       |       |       |       |    81 |    23 |    47 |    32 ||   183
         Tower shield      |       |       |       |       |       |       |  1315 |  1309 |  1016 ||  3640
